[Event "Romanian Rapid Open 2022"]
[Site "Sebes"]
[Date "2022.12.02"]
[Round "4.9"]
[White "Costachi, Mihnea"]
[Black "Cosma, Ioan"]
[Result "1/2-1/2"]
[ECO "E11"]
[WhiteElo "2476"]
[BlackElo "2368"]
[Annotator "TA"]
[PlyCount "108"]
[EventDate "2022.12.02"]
[EventType "rapid"]
[EventCountry "ROU"]
[SourceTitle "playchess.com"]
[Source "ChessBase"]
[SourceQuality "1"]
[TimeControl "600+5"]

1. d4 e6 2. c4 Bb4+ 3. Bd2 Bxd2+ 4. Qxd2 d5 5. Nc3 Nf6 6. e3 O-O 7. Nf3 Qe7 8. Be2 Rd8 9. O-O dxc4 10. Bxc4 c5 11. Qe2 cxd4 12. exd4 Nc6 13. Rad1 Bd7 14. Rfe1 {[%emt 0:00:32] E11: Bogo-Indian.} Rac8 {[%emt 0:00:29] [#]} 15. d5 $146 ({Predecessor:} 15. a3 Be8 16. Ba2 Qc7 17. d5 exd5 18. Nxd5 Nxd5 19. Bxd5 Kf8 20. Qe4 g6 21. Qe3 Kg7 {1-0 (50) Indjic,A (2519)-Sedlak,N (2577) Vrnjacka Banja 2013}) 15... exd5 16. Qf1 Be6 17. Nxd5 {[%emt 0:00:10][%mdl 64] [#]} Nxd5 18. Bxd5 {[%emt 0:00:01][%mdl 64] Pin} Rd6 19. Bxe6 Rxe6 20. Rxe6 Qxe6 21. Qb5 Qe7 22. Qf5 Qe6 23. Qxe6 fxe6 $11 {[%emt 0:00:01][%mdl 4096] Endgame KRN-KRN} 24. h4 Re8 25. Ng5 (25. Rd7 $5 ) 25... h6 26. Ne4 Rd8 {[%emt 0:00:06] Prevents Rd7.} 27. Re1 e5 28. Re2 Kf7 29. Kh2 Rd4 30. h5 Ne7 31. g3 b6 32. Nd2 Rd5 33. Kg2 Kf6 34. Ne4+ Kf5 35. Nc3 Rd7 36. a3 Nd5 37. Nxd5 Rxd5 {[%emt 0:00:02] KR-KR} 38. Rc2 Rd7 {[%emt 0:00:14] Against Rc7} 39. f3 Kg5 40. Re2 Kxh5 41. Rxe5+ Kg6 42. Rb5 Kf7 43. g4 Ke6 44. Kg3 Rd2 45. Kf4 g5+ 46. Ke3 Rc2 47. Kd3 Rf2 48. Ke3 Rc2 49. a4 Kd6 50. Kd3 Rf2 51. Ke3 Rc2 52. Kd3 Rf2 53. Ke4 a5 $2 {[%emt 0:01:33][%mdl 8192] [#]} (53... Ke6 $11 {and Black stays safe.}) 54. Rf5 $2 (54. Rxb6+ $18 Kc5 55. Rxh6) 54... Rxb2 {Weighted Error Value: White=0.16 (very precise) /Black=0.24 (precise)} 1/2-1/2

[Event "Romanian Rapid Open 2022"]
[Site "Sebes"]
[Date "2022.12.02"]
[Round "4.10"]
[White "Itkis, Boris"]
[Black "Arandjelovic, Aleksandar Z"]
[Result "1-0"]
[ECO "A80"]
[WhiteElo "2343"]
[BlackElo "1899"]
[Annotator "TA"]
[PlyCount "95"]
[EventDate "2022.12.02"]
[EventType "rapid"]
[EventCountry "ROU"]
[SourceTitle "playchess.com"]
[Source "ChessBase"]
[SourceQuality "1"]
[TimeControl "600+5"]

1. d4 f5 2. Nc3 Nf6 3. Bg5 d5 4. e3 Nbd7 5. Nf3 g6 6. Bd3 {[%emt 0:00:08] A80: Dutch Defence: Unusual White second moves.} Bg7 7. O-O c6 8. Ne2 {[%emt 0:00:01] White is slightly better.} Ne4 9. Bf4 {[%emt 0:00:01] [#]} Ndf6 $146 ({Predecessor:} 9... O-O 10. c4 e6 11. Rc1 g5 12. Be5 Nxe5 13. Nxe5 Bd7 14. f3 Nc5 15. Bb1 Na6 {0-1 (32) Lyell,M (2228)-Liu,G (2358) Kecskemet 2014}) 10. c4 e6 11. Be5 O-O 12. Qb3 h6 13. Bxe4 (13. Rac1 $16) 13... Nxe4 ({Black should play} 13... dxe4 $14 14. Nd2 b6) 14. Rfd1 g5 15. Bxg7 Kxg7 16. Ne5 Qe8 17. f3 Nd6 18. Rac1 Qh5 (18... Qe7 $16) 19. Qb4 (19. Ng3 $18 Qe8 20. c5) 19... Rd8 (19... Nxc4 $16 {was called for.} 20. Nxc4 dxc4) 20. Rf1 (20. Qa5 $18 b6 21. Qb4) 20... Qe8 21. Qe1 {[%emt 0:00:36] White is much more active.} (21. cxd5 $16 exd5 22. h4) 21... Nxc4 $14 22. Nxc4 dxc4 23. Rxc4 ({White should try} 23. h4 $16) 23... e5 (23... b6 $1 $11 {keeps the balance.}) 24. Qc3 Be6 25. Rc5 Rd5 {[%emt 0:00:00] This move loses the game for Black.} (25... Bd5 $1 $14) 26. Rxd5 $18 cxd5 (26... Bxd5 $142 27. dxe5 Qg6) 27. dxe5 Rc8 28. Qd2 Qa4 29. Nd4 Kf7 {[%emt 0:00:00] [#]} (29... Qd7 30. f4 g4) 30. b3 Qd7 31. Rc1 a6 32. h3 Rc7 33. Rxc7 Qxc7 {[%emt 0:00:00][%mdl 4096] Endgame KQB-KQN} 34. f4 b5 $2 (34... Bc8 35. Kf2 gxf4 36. exf4 Bd7) 35. Kh2 h5 36. Nf3 g4 (36... gxf4 $142 37. Ng5+ Ke7 38. Qb4+ Kd7 39. exf4 Qb6) 37. Ng5+ Ke7 38. Qb4+ Kd7 39. Qf8 Qc1 40. Qd6+ Kc8 41. Qxe6+ (41. Nxe6 $142 a5 42. Qf8+ Kb7 43. Nc5+ Qxc5 44. Qxc5 g3+ 45. Kxg3 d4 46. exd4) 41... Kb8 42. Qd6+ Ka7 43. Qd7+ Kb6 44. Qxf5 Qxe3 45. hxg4 h4 46. Nf3 (46. Qf6+ $142 Kb7 47. Nf3 d4 48. e6 d3 49. Qf7+ Kb6 50. e7 d2 {[#]} 51. Nxd2 $1 Qg3+ 52. Kg1 Qe3+ 53. Kf1) 46... Qf2 47. Qf6+ Ka5 48. Qxh4 {[%emt 0:00:02] Weighted Error Value: White=0.30/Black=1.03} 1-0

[Event "Romanian Rapid Open 2022"]
[Site "Sebes"]
[Date "2022.12.02"]
[Round "4.11"]
[White "Samu, Sorin-Mihai"]
[Black "Anton, Teodor"]
[Result "0-1"]
[ECO "E11"]
[WhiteElo "1955"]
[BlackElo "2438"]
[Annotator "TA"]
[PlyCount "66"]
[EventDate "2022.12.02"]
[EventType "rapid"]
[EventCountry "ROU"]
[SourceTitle "playchess.com"]
[Source "ChessBase"]
[SourceQuality "1"]
[TimeControl "600+5"]

1. d4 Nf6 2. c4 e6 3. Nf3 Bb4+ 4. Bd2 c5 5. dxc5 Bxc5 6. e3 {[%emt 0:00:01] E11: Bogo-Indian.} b6 7. Be2 Bb7 8. O-O {[%emt 0:00:09] The position is equal.} O-O 9. b4 Be7 10. Qb3 {[%emt 0:00:07] [#]} d5 $146 ({Predecessor:} 10... d6 11. Rd1 Nbd7 12. a4 Rb8 13. Na3 a6 14. Nd4 e5 15. Nf5 Re8 16. f3 Bf8 {1-0 (44) Boj Marques,J (1978)-Duenas,A (1912) Benidorm 2014}) 11. Rd1 Ne4 12. Be1 Bf6 13. Nc3 Nxc3 (13... Qe7 {feels hotter.} 14. Rac1 Bxc3 15. Bxc3 dxc4 16. Qxc4 Rc8) 14. Bxc3 Nd7 15. a4 Rc8 16. Bxf6 Qxf6 17. a5 $2 (17. Qa3 $11) 17... dxc4 $17 18. Qc2 Ne5 19. Nd4 Qg5 20. g3 Nc6 (20... Qe7 $17 21. axb6 axb6) 21. Nf3 $2 (21. Qxc4 $11 Nxd4 22. Qxd4) 21... Nxb4 22. Qxh7+ Kxh7 {[%emt 0:00:02] Chess con chili.} 23. Nxg5+ Kg8 (23... Kg6 $17 24. h4 bxa5) 24. axb6 $15 axb6 25. Ra7 {[%emt 0:00:02] Prevents b5.} c3 26. Rc1 {[%emt 0:01:03] Against c2} (26. Rxb7 $17 c2 27. Rc1 (27. Rxb6 Nd5 $17)) 26... c2 $2 27. Ra4 $11 {[%emt 0:01:37][%mdl 64] [#] Against Na2} ({Of course not} 27. Rxb7 Na2 $17) 27... Nd5 {[%emt 0:00:01] Hoping for ...Nc3.} 28. Ra7 (28. Bd3 {simplifies} g6 29. Rxc2 Rxc2 30. Bxc2 b5 31. Ra7) 28... Rc7 $36 {[%emt 0:00:40][%mdl 2048] aiming for ...Ra8. Black is more active.} 29. Bd3 $2 (29. e4 $11 {and White stays safe.} Nf6 30. Bb5 (30. Ba6 $2 Rd8 $19)) 29... Nb4 $19 30. Bh7+ Kh8 31. Be4 {[%emt 0:00:08] [#]} (31. Bxc2 {was the only defense.} Rfc8 32. e4) 31... Rd8 $1 32. Bxc2 (32. Bxb7 Kg8) 32... Nxc2 33. Rxc2 $2 (33. Rxb7 $19 Rxb7 34. Rxc2) 33... Rd1# {[%emt 0:00:01] Weighted Error Value: White=0.72/Black=0.43} 0-1

[Event "Romanian Rapid Open 2022"]
[Site "Sebes"]
[Date "2022.12.02"]
[Round "4.12"]
[White "Matasaru, Stephanie"]
[Black "Ceteras, Marius-Nicolae"]
[Result "1-0"]
[ECO "C42"]
[WhiteElo "1975"]
[BlackElo "2391"]
[Annotator "TA"]
[PlyCount "89"]
[EventDate "2022.12.02"]
[EventType "rapid"]
[EventCountry "ROU"]
[SourceTitle "playchess.com"]
[Source "ChessBase"]
[SourceQuality "1"]
[TimeControl "600+5"]

1. e4 e5 2. Nf3 Nf6 3. Nxe5 d6 4. Nf3 Nxe4 5. d4 d5 6. Bd3 Nc6 7. O-O Be7 8. c4 Nb4 9. cxd5 Nxd3 10. Qxd3 Qxd5 11. Nc3 Nxc3 12. bxc3 {[%emt 0:00:10] Re1 is the strong threat.} Be6 {[%emt 0:00:32] C42: Petroff Defence: 3 Nxe5 and unusual White 3rd moves.} 13. Bf4 (13. Re1 $5 ) 13... O-O 14. Rfe1 {[%emt 0:00:41] [#]} Rfe8 $146 {[%emt 0:01:36] The position is equal.} ({Predecessor:} 14... c6 15. c4 Qd7 16. Rad1 Bf6 17. Be5 Bf5 18. Qd2 Bg4 19. Bxf6 Bxf3 20. Qg5 Qg4 21. Qxg7+ Qxg7 22. Bxg7 Kxg7 23. gxf3 {½-½ (36) Fisher Jr,A-Laaman,T ICCF email 2017}) 15. Nd2 (15. Bxc7 $11 Rac8 16. Bg3) 15... c6 16. Re5 Qd7 (16... Qd6 $2 17. Rh5 $18) 17. Nf3 Bf6 (17... f6 $5 18. Re3 (18. Rh5 $2 g6 $19) 18... Bf8 $15) 18. Ng5 g6 19. Re3 Bf5 {[%emt 0:00:13] A strong pair of Bishops.} 20. Rxe8+ Rxe8 21. Qg3 Bg7 (21... c5 $5 22. Be5 Be7 $17) 22. h4 Qd5 23. Nf3 Re2 ({Black should try} 23... h5 $17) 24. Be5 (24. h5 $11 {keeps the balance.}) 24... f6 (24... Rxa2 $6 25. Rxa2 Qxa2 26. Bxg7 Kxg7 27. Qe5+ f6 28. Qb8 $11) (24... Qa5 $1 $17 25. Bxg7 Kxg7) 25. Bb8 Rxa2 26. Rxa2 Qxa2 27. Qc7 Qb1+ (27... Qf7 {simplifies} 28. Qd8+ Qf8 29. Qc7 Qc8) 28. Kh2 {[%emt 0:00:02] Black must now prevent Qd8+.} h5 29. Bxa7 Qb2 30. Bc5 Qxf2 (30... Qb3 $11) 31. Qb8+ $1 $16 Kh7 32. Qxb7 {[%emt 0:00:02] White wants to mate with Bf8.} Kh6 (32... Qa2 $16) 33. Qxc6 $2 (33. Qf7 $1 $18 {[%cal Rf7g8] aiming for Qg8.} Qe3 34. Bf8 Bxf8 35. Qxf8+ Kh7 36. Qf7+ (36. Qxf6 Qf4+ 37. Kg1 Qe3+ 38. Kh2 Qf4+ 39. Kg1 Qe3+ 40. Kh1 Qc1+ 41. Ng1 Qxc3 $11) 36... Kh8 37. Qf8+ Kh7 38. Qf7+ (38. Qxf6 Qf4+ 39. Kh1 Qc1+ 40. Ng1 Qxc3 $11) 38... Kh8 39. Qxf6+ Kg8 40. Qxc6 (40. Ne5 Qf4+ 41. Kh1 Qc1+ 42. Kh2 Qf4+ 43. Kh1 Qc1+ 44. Kh2 Qf4+ $11)) 33... Bg4 $2 (33... Qe2 $1 $11) 34. d5 $18 Qe2 35. d6 $1 {[%emt 0:00:03] And now d7 would win.} Bxf3 $2 (35... Qe6 36. c4 Kh7) 36. Qxf3 {[%emt 0:00:02][%mdl 4096] Endgame KQB-KQB} Qe5+ {[%emt 0:00:01] [#]} 37. g3 $2 (37. Qg3 $1 $18 {[%cal Rg3e5] Threatening mate with Qxe5.} Qf5 38. Qf2 Qxf2 39. Bxf2) 37... Qxc5 $11 38. d7 Qe7 {[%emt 0:00:19] Prevents d8Q.} 39. Qd3 Qd8 {[%emt 0:00:05] Strongly threatening ...Bf8.} 40. c4 $2 (40. Qe3+ $1 $11 Kh7 41. Qe8) 40... Bf8 $19 41. Qd5 $2 (41. Qe3+ Kg7 42. Qa7) 41... Kg7 42. c5 {[%emt 0:00:02] [#]} Be7 $1 ({And not} 42... Bxc5 43. Qxc5 Qxd7 44. Kg2 $17) 43. c6 Qc7 44. Qe4 f5 $4 (44... Bd8 $19 45. Qe6 Qe5) 45. Qxe7+ {[%emt 0:00:03] Weighted Error Value: White=0.52/Black=0.67} 1-0

[Event "Romanian Rapid Open 2022"]
[Site "Sebes"]
[Date "2022.12.02"]
[Round "4.13"]
[White "Coicev, Matei-Andrei"]
[Black "Manea, Alexandru"]
[Result "0-1"]
[ECO "B03"]
[WhiteElo "2009"]
[BlackElo "2339"]
[Annotator "TA"]
[PlyCount "63"]
[EventDate "2022.12.02"]
[EventType "rapid"]
[EventCountry "ROU"]
[SourceTitle "playchess.com"]
[Source "ChessBase"]
[SourceQuality "1"]
[TimeControl "600+5"]

1. e4 Nf6 2. e5 Nd5 3. c4 Nb6 4. d4 d6 5. f4 Bf5 6. Nc3 e6 7. Be3 (7. Nf3 $14) 7... dxe5 $1 {[%emt 0:00:05] 7...dxe5 scores better than 7...Be7. B03: Alekhine's Defence: Four Pawns Attack.} 8. dxe5 (8. fxe5 $11 Bb4 9. Be2) 8... Nc6 (8... Qxd1+ {simplifies} 9. Rxd1 Bb4 10. Kf2 Bxc3 11. bxc3 Na4) 9. Nf3 Bb4 {[%emt 0:01:01] [#] Black is slightly better.} 10. Be2 $146 ({White should play} 10. Qc1 $15) ({Predecessor:} 10. Qc1 Bd3 11. b3 Bxf1 12. Kxf1 Qd3+ 13. Ne2 O-O 14. Kf2 f6 15. Rd1 Qe4 16. exf6 Rxf6 {½-½ (38) Seppeur,R-Wolf,V (2245) Germany 1982}) 10... Qxd1+ $17 11. Rxd1 Na4 12. O-O (12. Bc1 {might work better.}) 12... Nxb2 13. Rc1 O-O-O {[%emt 0:00:59] ...Nd3 is the strong threat.} 14. Nb5 Nd3 15. Rcd1 Bc5 {[%emt 0:00:12] Inhibits g4.} 16. Bxc5 Nxc5 17. Kf2 a6 18. Nbd4 Ne4+ 19. Ke3 Nc3 20. Rd2 Nxd4 {[%emt 0:00:39] Black is much more active.} 21. Nxd4 Nxe2 22. Rxe2 c5 ({Black should try} 22... Bg6 {Strongly threatening ...c5.} 23. c5 Rd5) 23. Nxf5 exf5 {[%emt 0:00:02][%cal Be6f5,Bf5g4][%mdl 4128] Endgame KRR-KRR} 24. g4 (24. Rb1 $17 {was worth a try.}) 24... fxg4 $19 25. f5 Rd4 26. Rf4 Rhd8 {[%emt 0:00:07] And now ...Rd3+ would win.} 27. Rxd4 {[%emt 0:00:33] [#] This costs White the game.} (27. e6 $17) 27... Rxd4 ({Inferior is} 27... cxd4+ 28. Kd3 $15) 28. Rc2 Kd8 29. Rb2 Kc7 ({Weaker is} 29... Rxc4 30. Rxb7 Ke8 31. Rb8+ Kd7 32. Rb7+ Kc6 33. Rxf7 $11) 30. Rc2 g6 31. f6 h5 {[%emt 0:00:05] [#] Threatens to win with ...Kd7.} 32. Rf2 $2 {[%emt 0:00:10] Weighted Error Value: White=0.34/Black=0.21 (precise)} (32. e6 Rd6 33. exf7 Re6+ 34. Kf4 Rxf6+ 35. Kg5 Rxf7 36. Kxg6) 0-1

[Event "Romanian Rapid Open 2022"]
[Site "Sebes"]
[Date "2022.12.02"]
[Round "4.14"]
[White "Nagy-Elek, Tamas"]
[Black "Ciorgovean, Iustin"]
[Result "0-1"]
[ECO "B30"]
[WhiteElo "1976"]
[BlackElo "2319"]
[Annotator "TA"]
[PlyCount "85"]
[EventDate "2022.12.02"]
[EventType "rapid"]
[EventCountry "ROU"]
[SourceTitle "playchess.com"]
[Source "ChessBase"]
[SourceQuality "1"]
[TimeControl "600+5"]

1. e4 {[%emt 0:00:02] Primel,Dominique} c5 2. Nf3 Nc6 3. Bb5 e6 4. O-O Nge7 5. c3 a6 6. Ba4 b5 7. Bc2 Bb7 8. Re1 Rc8 9. d3 {[%emt 0:01:05] B30: Sicilian: 2...Nc6 3 Bb5, lines without ...g6.} Ng6 10. Nbd2 Be7 11. Nf1 (11. Nb3 $11) 11... O-O (11... d5 $15 {might be stronger.}) 12. Ng3 (12. Ne3 $11) 12... d5 $15 {[%emt 0:00:08] [#]} 13. d4 $146 (13. Qe2 $15) ({Predecessor:} 13. exd5 Qxd5 14. Bb3 Qd7 15. Qe2 Rfd8 16. Bc2 Qc7 17. Ng5 Nce5 18. f4 Bxg5 19. fxg5 {½-½ (57) Favre,M (2080)-Roser,K (2436) Issy les Moulineaux 2009 EXT 2010 [Primel,Dominique]}) 13... cxd4 $17 14. Nxd4 Nxd4 15. Qxd4 dxe4 {[%emt 0:01:58] [#] aiming for ...Qxd4.} 16. Qxd8 Rfxd8 17. Bxe4 Bxe4 18. Nxe4 Ne5 {[%emt 0:00:19] Black is more active.} 19. Be3 Nc4 20. Re2 Nxe3 21. Rxe3 a5 22. a3 g6 23. Kf1 Rc6 {[%emt 0:00:43] [#] Hoping for ...f5.} 24. f4 f5 25. Ng5 Bxg5 26. fxg5 $11 {[%emt 0:00:00][%mdl 4096] Endgame KRR-KRR} Rd5 27. Rae1 {[%emt 0:00:00] Prevents e5.} Kf7 28. Re5 Rcd6 29. h3 Ke7 30. Rxd5 (30. g4 $11) 30... Rxd5 {[%emt 0:00:00] KR-KR} 31. Ke2 $2 {[%emt 0:00:03][%mdl 8192] This costs White the game.} (31. a4 $15) 31... Re5+ $19 32. Kd2 Rxe1 33. Kxe1 {[%emt 0:00:01] KP-KP} a4 {[%emt 0:00:00] And now ...Kd6 would win.} 34. Ke2 Kd6 35. Kd3 Kd5 36. g3 e5 {[%emt 0:00:00][%cal Be6e5,Be5f4][%mdl 32] Black mates.} 37. h4 Kc5 38. Kd2 Kc4 39. Kc2 f4 40. gxf4 exf4 41. Kd2 Kb3 42. Kd3 Kxb2 43. Kd4 {[%emt 0:00:13] Weighted Error Value: White=0.77/Black=0.07 (flawless)} 0-1

[Event "Romanian Rapid Open 2022"]
[Site "Sebes"]
[Date "2022.12.02"]
[Round "4.15"]
[White "Cosma, Elena-Luminita"]
[Black "Ghita, Vlad-Bogdan"]
[Result "1/2-1/2"]
[ECO "D10"]
[WhiteElo "2244"]
[BlackElo "1938"]
[Annotator "TA"]
[PlyCount "49"]
[EventDate "2022.12.02"]
[EventType "rapid"]
[EventCountry "ROU"]
[SourceTitle "playchess.com"]
[Source "ChessBase"]
[SourceQuality "1"]
[TimeControl "600+5"]

1. d4 d5 2. c4 c6 3. cxd5 cxd5 4. Bf4 Nc6 5. Nc3 Nf6 6. e3 a6 7. Bd3 Bg4 8. Nge2 e6 9. Rc1 Bd6 {[%emt 0:00:21] D10: Slav Defence: 3 cxd5 (without early Nf3) and 3 Nc3.} 10. f3 Bh5 11. Qb3 {[%emt 0:00:02] [#]} Nb4 $146 ({Predecessor:} 11... Na5 12. Qa4+ b5 13. Bxb5+ axb5 14. Nxb5 Bxf4 15. Nc7+ Ke7 16. Nxf4 Qd7 17. Qb4+ Qd6 18. Qxd6+ Kxd6 {½-½ (26) Holzke,F (2521)-Smeets,J (2613) Germany 2013}) 12. Bb1 Bg6 ({Black should play} 12... O-O $14) 13. O-O ({White should try} 13. Bxd6 $16 Qxd6 14. a3 Nd3+ 15. Bxd3 Bxd3 {[#]} 16. Nxd5 $1 (16. Qxb7 Rb8 $15) 16... Nxd5 17. Qxd3) 13... Bxb1 $11 14. Nxb1 {[%emt 0:00:17] [#] Threatens to win with Bxd6.} Rb8 15. Qa4+ Qd7 16. Qa3 O-O 17. Bxd6 Qxd6 18. Rc5 Nc6 19. Rfc1 Nd7 20. R5c3 Qxa3 21. Nxa3 Rfc8 22. Nf4 Na7 23. Rc7 Kf8 24. Nd3 Ke8 {[%emt 0:00:16] aiming for ...Rxc7.} 25. Kf2 {[%emt 0:00:25] Weighted Error Value: White=0.14 (very precise) /Black=0.09 (flawless)} (25. R7c3 $11) 1/2-1/2

[Event "Romanian Rapid Open 2022"]
[Site "Sebes"]
[Date "2022.12.02"]
[Round "4.16"]
[White "Bucur, Denisa-Andreea"]
[Black "Cnejev, Vladimir-Alexandru"]
[Result "0-1"]
[ECO "A30"]
[WhiteElo "1953"]
[BlackElo "2293"]
[Annotator "TA"]
[PlyCount "50"]
[EventDate "2022.12.02"]
[EventType "rapid"]
[EventCountry "ROU"]
[SourceTitle "playchess.com"]
[Source "ChessBase"]
[SourceQuality "1"]
[TimeControl "600+5"]

1. Nf3 d5 2. e3 Nf6 3. b3 e6 4. Bb2 Be7 5. Be2 O-O 6. O-O b6 7. c4 Bb7 8. Nc3 c5 9. cxd5 Nxd5 10. Nxd5 Qxd5 11. Qc2 Nc6 {[%emt 0:02:11][%cal Bb8c6,Bc6b4,Bb4d3][%mdl 32] [#]} 12. Rad1 $146 {[%emt 0:01:20] A30: Symmetrical English: Double Fianchetto and Hedgehog.} ({Predecessor:} 12. Bc3 Rfd8 13. Qb2 Bf8 14. Rfd1 a5 15. Rac1 Rac8 16. h3 h6 17. d3 b5 18. Qd2 Ra8 19. e4 Qd6 {½-½ (19) Nanu,C (2514)-Szabo,G (2531) Mamaia 2021}) 12... Rfd8 13. Qc4 (13. Qb1 {is interesting.} Rac8 14. h3 a5 15. Qa1) 13... Qxc4 14. Bxc4 {[%emt 0:00:06] Black is slightly better.} Nb4 15. a3 Nd3 16. Bc3 a6 {[%emt 0:00:00] Black is more active.} 17. Ne1 Nxe1 18. Rfxe1 Rd7 19. a4 Bc6 20. Be2 b5 21. Bf3 $2 {[%emt 0:00:05] [#]} (21. Rc1 $11) 21... Bxf3 $19 22. gxf3 b4 23. Bb2 Rd3 24. Rb1 Rxb3 {[%emt 0:00:00] ...Rd8 is the strong threat.} (24... Rxd2 $2 {is the wrong capture.} 25. Bc1 Rc2 26. e4) 25. e4 $2 {[%emt 0:00:08] [#]} (25. Kf1) 25... Rd8 {[%emt 0:00:00] Weighted Error Value: White=0.58/Black=0.06 (flawless)} (25... Rxf3 $2 {loses.} 26. Re3 Rxe3 27. fxe3 $19) 0-1

[Event "Romanian Rapid Open 2022"]
[Site "Sebes"]
[Date "2022.12.02"]
[Round "4.17"]
[White "Daianu, Cristian-Clement"]
[Black "Tudor, Henry Edward"]
[Result "1-0"]
[ECO "B41"]
[WhiteElo "2189"]
[BlackElo "1943"]
[Annotator "TA"]
[PlyCount "99"]
[EventDate "2022.12.02"]
[EventType "rapid"]
[EventCountry "ROU"]
[SourceTitle "playchess.com"]
[Source "ChessBase"]
[SourceQuality "1"]
[TimeControl "600+5"]

1. e4 c5 2. Nf3 e6 3. d4 cxd4 4. Nxd4 a6 5. f4 b5 (5... d5 $5 ) 6. Bd3 {[%emt 0:00:24] Active counter play! B41: Sicilian: Kan Variation: 5 c4.} Bb7 7. Be3 Nf6 8. Qf3 {[%emt 0:00:07] [#] White is slightly better.} h5 $146 ({Predecessor:} 8... Nc6 9. Nd2 Qc7 10. g4 d6 11. g5 Nd7 12. Nxc6 Bxc6 13. O-O-O Nc5 14. Kb1 O-O-O {½-½ (48) Chirila,I (2526)-Kopylov,A (2442) Fermo 2009}) 9. Nd2 d6 10. h3 Nbd7 11. O-O h4 (11... e5 $14) 12. Rad1 (12. b4 $1 $16) 12... Be7 13. c3 Rc8 14. Bf2 Rc7 (14... Nh5 $11 {should be considered.}) 15. Rfe1 Qa8 (15... Nh5 $11 {remains equal.}) 16. Bb1 g6 17. Qe3 Nc5 18. N4f3 (18. Bc2 $16) 18... Na4 $11 19. f5 {[%emt 0:00:00] [#]} (19. Rc1 $11) 19... e5 ({Black should try} 19... gxf5 $1 $17 20. exf5 e5 21. Nxe5 Nxb2) 20. fxg6 (20. Nxh4 g5 21. Qxg5 Nxb2 $19) (20. Bxh4 gxf5 21. Bxf6 Bxf6 22. exf5 Nxb2 $15) 20... fxg6 21. Nxh4 ({White should play} 21. Bc2 $14) 21... Nxb2 22. Rc1 Rg8 (22... Ng4 23. hxg4 Bxh4 24. Bxh4 Rxh4 25. Rc2) 23. Qh6 Bf8 24. Qg5 (24. Qe3 $1 $11) 24... Rf7 $2 {[%emt 0:00:39] [#]} (24... Nh5 $1 $15 {keeps the upper hand.}) 25. c4 $1 $16 (25. Nxg6 $2 {is the wrong capture.} Be7 26. h4 Rfg7 $19) 25... Be7 {[%emt 0:00:28][%cal Of6e4] ...Nxe4! is the strong threat.} 26. Qe3 {[%emt 0:00:00] Strongly threatening cxb5.} Nh7 $2 {[%emt 0:00:20] Loses the game.} (26... Nd7 $16) 27. Nhf3 $18 {[%emt 0:00:00] Hoping for cxb5.} Qd8 $2 (27... Nxc4 28. Nxc4 bxc4 29. Rxc4 Rgg7) 28. cxb5 axb5 29. Qb3 {[%emt 0:00:00][%csl LRb2,LRb5] Against Nc4} Na4 30. Qxb5+ Qd7 31. Qb3 {[%emt 0:00:00] aiming for Bd3.} Ng5 32. Bd3 Nc5 33. Bxc5 dxc5 34. Bb5 (34. Nxe5 Qd4+ 35. Kh1 Qxe5 $11) 34... Bc6 35. Bc4 Nxf3+ (35... Rgg7 $142 36. Bxf7+ Nxf7) 36. Nxf3 Rxf3 37. Qxf3 Rf8 {[%emt 0:00:01] Against Qf7+} 38. Qg3 Qd4+ 39. Kh1 Bxe4 40. Bb5+ Kf7 41. Rc4 Qb2 (41... Qd3 $142 42. Qh2 (42. Qxe5 Qxh3+ 43. Qh2 Qxh2+ 44. Kxh2 Bd6+ 45. Kg1 Bd3 $11) 42... Bf6 43. Rexe4 Qb1+ 44. Qg1 Qxb5 45. Rxc5 Qd3) 42. Rcxe4 Qxb5 43. Qxe5 {[%emt 0:00:00] Threatening mate with Qd5+.} Bf6 44. Qc7+ Kg8 45. Qg3 Kg7 46. Rg4 c4 47. Rxg6+ Kf7 {[#]} 48. Rxf6+ $1 Kxf6 49. Rf1+ Ke7 50. Qg7+ {[%emt 0:00:00] Weighted Error Value: White=0.52/Black=0.72} 1-0

[Event "Romanian Rapid Open 2022"]
[Site "Sebes"]
[Date "2022.12.02"]
[Round "4.18"]
[White "Dragomirescu, Angela"]
[Black "Arion, Ilie"]
[Result "1-0"]
[ECO "A05"]
[WhiteElo "2104"]
[BlackElo "1924"]
[Annotator "TA"]
[PlyCount "89"]
[EventDate "2022.12.02"]
[EventType "rapid"]
[EventCountry "ROU"]
[SourceTitle "playchess.com"]
[Source "ChessBase"]
[SourceQuality "1"]
[TimeControl "600+5"]

1. e4 d6 2. g3 g6 3. Bg2 Bg7 4. Nf3 Nf6 5. d3 O-O 6. O-O c5 7. c3 Nc6 8. Re1 Bg4 9. h3 Bxf3 10. Qxf3 $1 {[%emt 0:00:19] 10.Qxf3 is better than 10.Bxf3.} e5 {[%emt 0:00:05] A05: Réti Opening: 1 Nf3 Nf6.} 11. a3 {[%emt 0:00:19][%cal Ba2a3,Ba3a4][%mdl 32] [#]} a5 $146 {[%emt 0:00:11] [#]} ({Black should play} 11... b5 $14) ({Predecessor:} 11... Qe7 12. b4 b6 13. Nd2 Bh6 14. Nc4 Bxc1 15. Raxc1 Kg7 16. b5 Nd8 17. a4 Ne6 {1-0 (50) Pon,M (2185)-Kuderinov,K (2409) Chess.com INT 2020}) 12. a4 $1 $16 Ne8 {[%emt 0:00:14] White is better.} 13. Na3 Nc7 14. Nc4 f5 15. exf5 Rxf5 16. Qe2 {[%emt 0:00:15] White is more active.} (16. Qd1 $16) 16... d5 $14 17. Ne3 Rf8 18. h4 Qd7 19. Kh2 Rae8 20. Bd2 Qf7 21. Rf1 e4 $2 {[%emt 0:00:13] This costs Black the game.} (21... b6 $14) 22. dxe4 $18 dxe4 23. Nc4 {[%emt 0:00:19] And now Nd6 would win.} Qe7 24. Rae1 Ne5 25. Qxe4 ({Less strong is} 25. Nxa5 Nd3 $16) ({Not} 25. Bxe4 b6 26. f4 (26. Nxb6 Qe6 $16) 26... Nxc4 27. Qxc4+ Qf7 28. Qxf7+ Kxf7 $18) 25... Qd7 {[%emt 0:00:38] [#] Threatens to win with ...Ng4+.} 26. Nxe5 Rxe5 27. Qc4+ ({Don't play} 27. Qxb7 Qxd2 28. Rd1 Qe2) 27... Kh8 28. Rxe5 Bxe5 29. Bh6 {[%emt 0:00:10] A strong pair of Bishops.} Rf5 (29... Bg7 30. Bxg7+ Kxg7 31. Qxc5 Rf5) 30. Bh3 Qd6 31. Bxf5 gxf5 32. Bf4 Bxf4 33. Qxf4 Qxf4 34. gxf4 {[%emt 0:00:01][%mdl 4096] Endgame KR-KN} Nd5 35. Kg3 Nb6 36. b3 c4 37. bxc4 Nxc4 38. Rb1 b6 39. f3 {[%emt 0:00:07] Hoping for Kf2.} Kg7 40. Rb5 (40. Kf2 $142 Kf6 41. Ke2) 40... Kf6 41. Kf2 {[%emt 0:00:09] aiming for Ke2.} Ke6 42. Ke2 Na3 43. Rxb6+ {[%emt 0:00:04] White mates.} Kd5 44. Kd3 Nc4 45. Rb5+ {[%emt 0:00:03] Weighted Error Value: White=0.11 (very precise) /Black=0.53} 1-0